 Dungeon Crawl Stone Soup version 0.31-a0-210-gccc998df9b (webtiles) character file.

Game seed: 8113056780134302019

1747 innerfire43 the Cruncher (level 8, -1/60 HPs)
             Began as a Demonspawn Monk on June 29, 2023.
             Slain by a wight
             ... wielding a +0 long sword
              (8 damage)
             ... on level 6 of the Dungeon.
             The game lasted 00:05:05 (4132 turns).

innerfire43 the Cruncher (Demonspawn Monk)          Turns: 4132, Time: 00:05:05

Health: -1/60      AC:  7    Str: 15    XL:     8   Next: 77%
Magic:  8/8        EV: 13    Int: 11    God:
Gold:   817        SH:  0    Dex: 15    Spells: 7/7 levels left

rFire   + . .        g - +3 lajatang (spect)
rCold   . . .        (shield currently unavailable)
rNeg    . . .        b - +0 robe
rPois   .            e - +0 helmet
rElec   .            u - +0 cloak
rCorr   .            (no gloves)
SInv    +            p - +0 pair of boots
Will    .....        (no amulet)
Stlth   +            h - ring of see invisible
HPRegen 0.30/turn    l - ring of protection from fire
MPRegen 0.11/turn

%: no passive effects
@: no status effects
A: thin metallic scales 1, demonic guardian 1, powered by death 1, demonic touch
2
a: no special abilities


You were on level 6 of the Dungeon.
You visited 1 branch of the dungeon, and saw 6 of its levels.

You collected 817 gold pieces.

Inventory:

Hand Weapons
 a - a +0 hand axe
 g - a +3 spectral lajatang (weapon)
 s - a +0 war axe
Armour
 b - a +0 robe (worn)
 d - an orb of light
 e - a +0 helmet (worn)
 i - a +0 tower shield
 p - a +0 pair of boots (worn)
 q - a +0 hat
 u - a +0 cloak (worn)
Jewellery
 h - a ring of see invisible (left hand)
 l - a ring of protection from fire (right hand)
 m - a ring of ice
 y - a ring of positive energy
Scrolls
 f - a scroll of vulnerability
 j - 2 scrolls of teleportation
 k - 2 scrolls of fog
 x - 2 scrolls of identify {unknown}
 B - a scroll of blinking
 C - a scroll of fear {unknown}
Potions
 c - a potion of ambrosia
 n - 5 potions of heal wounds {unknown}
 o - 3 potions of resistance {unknown}
 r - a potion of degeneration {unknown}
 t - a potion of enlightenment {unknown}
 v - a potion of haste {unknown}
 w - a potion of attraction {unknown}
 z - a potion of curing {unknown}
 A - a potion of lignification {unknown}


   Skills:
 - Level 4.0 Fighting
 - Level 3.5 Axes
 * Level 9.4 Staves
 - Level 3.5 Dodging


You had 7 spell levels left.
You didn't know any spells.
Your spell library contained the following spells:

 Spells                   Type           Power      Damage    Failure   Level
 Slow                     Hex            0%         N/A       34%         1
 Ensorcelled Hibernation  Hex/Ice        0%         N/A       47%         2
 Poisonous Vapours        Pois/Air       0%         N/A       47%         2
 Confusing Touch          Hex            0%         N/A       71%         3
 Mephitic Cloud           Conj/Pois/Air  0%         N/A       71%         3
 Spider Form              Tmut/Pois      0%         N/A       71%         3
 Vampiric Draining        Necr           0%         2d6       71%         3
 Anguish                  Hex/Necr       0%         N/A       98%         4
 Freezing Cloud           Conj/Ice/Air   0%         6-21      100%        5


Dungeon Overview and Level Annotations

Branches:
Dungeon (6/15)             Temple (0/1) D:6

Altars:
Hepliaklqana
Kikubaaqudgha

Shops:
D:1 ?


Innate Abilities, Weirdness & Mutations

You are partially covered in thin metallic scales. (AC +2)
A weak demonic guardian rushes to your aid.
You regenerate a little health from kills.
Your touch may inflict irresistible damage on your foes.


Message History

You barely miss the wight.
The wight is lightly damaged.
Your +3 spectral lajatang hits the wight.
The wight hits you with a +0 long sword.
The wight hits your +3 spectral lajatang with a +3 long sword!
Your spectral weapon shares its damage with you!
Your +3 spectral lajatang disappears.
Unknown command.
You hit the wight.
The wight is heavily damaged.
Your +3 spectral lajatang barely misses the wight.
The wight closely misses you.
The wight hits your +3 spectral lajatang with a +0 long sword!
Your spectral weapon shares its damage with you!
You slash the wight!
The wight is almost destroyed.
Your +3 spectral lajatang hits the wight.
You destroy the wight!
The wight barely misses your +3 spectral lajatang.
The wight hits you with a +0 long sword.
You swap places.
An ice beast and an iguana come into view.
Found a scroll of vulnerability.
Found a staircase to the Ecumenical Temple.
Your +3 spectral lajatang disappears.
The iguana hisses angrily.
The wight hits you with a +3 long sword!
The wight hits you with a +0 long sword!
* * * LOW HITPOINT WARNING * * *
A demonic guardian appears!
Items here: )) [[.
You slash the wight!
You destroy the wight!
The wight barely misses you.
Your quasit completely misses the wight.
Your quasit barely misses the wight.
Your quasit claws the wight but does no damage.
Your quasit barely misses the wight. x3
The wight hits you with a +0 long sword!
You die...

#########
......<.#
########.##
#######.........#
........######..#
######..# #.>#
#5.# #..#
#z)######..######
#.@##.........†.#
#..........####.#
.......###..# #.#
.##...##.# #..#
#.# #. #..Y##?#
#..# #.# # .l....
.# #..####.###
....>.. .
...........
#........
###.#####.### #.#
#


You could see an ice beast, an iguana, a wight (ally target) and a friendly
quasit (summoned).

Vanquished Creatures
  Grinder (D:3)
  Sigmund (D:6)
  A water moccasin (D:5)
  2 black bears
  An ice beast (D:5)
  2 ogres (D:5)
  6 wights
  A howler monkey (D:4)
  2 hounds
  A jelly (D:5)
  7 iguanas
  5 gnolls
  9 adders
  A white imp (D:6)
  An ufetubus (D:5)
  3 worms
  4 dart slugs
  8 orcs
  9 ball pythons
  10 bats
  6 endoplasms
  5 giant cockroaches
  7 goblins
  A hobgoblin (D:3)
  6 kobolds
  2 quokkas
  A frilled lizard (D:3)
  3 rats
106 creatures vanquished.

Vanquished Creatures (others)
  A spectral weapon (D:6)
1 creature vanquished.

Grand Total: 107 creatures vanquished

Notes
Turn   | Place    | Note
-------+----------+-------------------------------------------
     0 | D:1      | innerfire43 the Demonspawn Monk began the quest for the
                  | Orb.
     0 | D:1      | Reached XP level 1. HP: 18/18 MP: 1/1
    84 | D:1      | Gained mutation: Your touch may inflict minor irresistible
                  | damage on your foes. [demonic ancestry]
    84 | D:1      | Reached XP level 2. HP: 19/24 MP: 2/2
   292 | D:1      | Found Ponycs's Magic Scroll Shop.
   405 | D:1      | Reached XP level 3. HP: 21/29 MP: 3/3
   696 | D:2      | Gained mutation: You are partially covered in thin metallic
                  | scales. (AC +2) [demonic ancestry]
   696 | D:2      | Reached XP level 4. HP: 5/37 MP: 4/4
  1675 | D:3      | Identified 2 scrolls of acquirement
  1675 | D:3      | Acquired 601 gold pieces
  1676 | D:3      | Acquired a +2 spectral lajatang
  1887 | D:3      | Reached skill level 1 in Staves
  1931 | D:3      | Noticed Grinder
  1940 | D:3      | Killed Grinder
  1941 | D:3      | Reached skill level 3 in Staves
  1941 | D:3      | Gained mutation: Your touch may inflict irresistible damage
                  | on your foes. [demonic ancestry]
  1941 | D:3      | Reached XP level 5. HP: 20/42 MP: 5/5
  1941 | D:3      | Reached XP level 6. HP: 23/48 MP: 6/6
  2209 | D:4      | Reached skill level 4 in Staves
  2589 | D:4      | Found an ancient bone altar of Kikubaaqudgha.
  3148 | D:5      | Entered Level 5 of the Dungeon
  3210 | D:5      | Noticed a water moccasin
  3215 | D:5      | Killed a water moccasin
  3216 | D:5      | Reached skill level 5 in Staves
  3216 | D:5      | Gained mutation: A weak demonic guardian rushes to your
                  | aid. [demonic ancestry]
  3216 | D:5      | Reached XP level 7. HP: 38/54 MP: 7/7
  3395 | D:5      | Reached skill level 6 in Staves
  3490 | D:5      | Found a hazy altar of Hepliaklqana.
  3704 | D:5      | Reached skill level 7 in Staves
  3706 | D:5      | Gained mutation: You regenerate a little health from kills.
                  | [demonic ancestry]
  3706 | D:5      | Reached XP level 8. HP: 60/60 MP: 8/8
  3817 | D:5      | Reached skill level 8 in Staves
  3999 | D:6      | Noticed Sigmund
  4006 | D:6      | Killed Sigmund
  4098 | D:6      | Reached skill level 9 in Staves
  4130 | D:6      | Found a staircase to the Ecumenical Temple.
  4132 | D:6      | Slain by a wight

Illustrated notes

Levels and vault maps discovered:
D:1:      roderic_crossed_star, layout_rooms, serial_shops, nicolae_diamond_shop
D:2:      layout_loops_cross
D:3:      layout_basic, uniq_grinder
D:4:      layout_basic, zin_academy, kennysheep_mini
D:5:      layout_basic, kennysheep_mini_moat, grunt_decor_one_mirror,
          kennysheep_generic_room_9
D:6:      layout_loops_ring, vehumet_crystals, minmay_temple_entry_stoned_glass,
          uniq_sigmund

Skill      XL: |  1  2  3  4  5  6  7  8 |
---------------+-------------------------+-----
Dodging        | 3 |  3.5
Axes           | 3 |  3.5
Fighting       | 4 |  4.0
Staves         | 3 5 7 9 |  9.4

Action                     |  1- 3 |  4- 6 |  7- 9 || total
---------------------------+-------+-------+-------++-------
  Melee: Hand axe          |    76 |    34 |       ||   110
         Lajatang          |       |    56 |    72 ||   128
         War axe           |       |     9 |       ||     9
    Use: Scroll            |       |     9 |       ||     9
   Stab: Sleeping          |       |       |     2 ||     2
         Distracted        |       |       |     1 ||     1
 Armour: Robe              |    22 |    27 |    14 ||    63
  Dodge: Dodged            |    66 |    64 |    34 ||   164

Table legend: (Time is in decaauts)
 A = Elapsed time spent in this place.
 B = Non-inter-level travel time spent in this place.
 C = Inter-level travel time spent in this place.
 D = Time resting spent in this place.
 E = Time spent auto-exploring this place.
 F = Levels seen in this place.
 G = Mean time per level.
                   A        B        C        D        E       F      G
               +--------+--------+--------+--------+--------+-----+--------+
         Total |   4167 |   3966 |    201 |      0 |   3245 |   6 |  694.5 |
       Dungeon |   4167 |   3966 |    201 |      0 |   3245 |   6 |  694.5 |
               +--------+--------+--------+--------+--------+-----+--------+

Top non-repeatable levels by time:
     D:4: 956 daAuts
     D:1: 808 daAuts
     D:2: 784 daAuts
     D:5: 756 daAuts
     D:3: 629 daAuts
     D:6: 232 daAuts
